 Dungeon Crawl Stone Soup version 0.21.1-1-g345015f (webtiles) character file.

24 toucherabbit the Ducker (level 3, -1/37 HPs)
             Began as an Ogre Gladiator on Apr 4, 2018.
             Slain by a crimson imp (2 damage)
             ... on level 4 of the Dungeon.
             The game lasted 00:01:30 (1464 turns).

toucherabbit the Ducker (Ogre Gladiator)            Turns: 1464, Time: 00:01:31

Health: -1/37      AC:  3    Str: 18    XL:     3   Next: 2%
Magic:  3/3        EV: 10    Int:  9    God:
Gold:   151        SH:  0    Dex: 11    Spells: 2/2 levels left

rFire    . . .     SeeInvis .   a - +0 flail
rCold    . . .     Gourm    .   (no shield)
rNeg     . . .     Faith    .   b - +0 robe
rPois    .         Spirit   .   c - +0 hat
rElec    .         Reflect  .   (no cloak)
rCorr    .         Harm     .   (gloves unavailable)
MR       .....                  (boots unavailable)
Stlth    +.........             (no amulet)
HPRegen  0.12/turn              (no ring)
MPRegen  0.08/turn              (no ring)

@: no status effects
A: large, unfitting armour, tough skin 1
a: no special abilities


You were on level 4 of the Dungeon.
You were not hungry.

You visited 1 branch of the dungeon, and saw 4 of its levels.

You collected 151 gold pieces.

Inventory:

Hand Weapons
 a - a +0 flail (weapon)
Missiles
 d - 3 throwing nets (quivered)
Armour
 b - a +0 robe (worn)
 c - a +0 hat (worn)
Jewellery
 l - an uncursed ring of protection from magic {unknown}
Scrolls
 e - 2 scrolls of enchant weapon {unknown}
 h - a scroll of fear {unknown}
 i - 2 scrolls of remove curse {unknown}
 k - a scroll of fog {unknown}
 o - a scroll of noise {unknown}
 p - a scroll of magic mapping {unknown}
 q - a scroll of enchant armour {unknown}
 r - a scroll of immolation {unknown}
Potions
 g - a potion of might {unknown}
 j - a potion of curing {unknown}
 m - a potion of brilliance {unknown}
 n - 2 potions of heal wounds {unknown}
Comestibles
 f - 5 rations


   Skills:
 + Level 3.0 Fighting
 + Level 3.1 Maces & Flails
 + Level 2.2 Throwing
 + Level 3.1 Dodging


You had 2 spell levels left.
You didn't know any spells.

Dungeon Overview and Level Annotations

Branches:
Dungeon (4/15)
 Temple: D:4-7

Altars:
The Shining One

Annotations:
D:3 Dazliare's ghost, amateur MfTm


Innate Abilities, Weirdness & Mutations

You are too large for most types of armour.
You have tough skin. (AC +1)


Message History

The goblin skeleton closely misses you.
The crimson imp hits you but does no damage.
The orc skeleton hits you.
* * * LOW HITPOINT WARNING * * *
You closely miss the crimson imp.
The crimson imp is moderately wounded.
The crimson imp misses you.
The goblin skeleton hits you but does no damage.
The orc skeleton hits you.
* * * LOW HITPOINT WARNING * * *
You sock the goblin skeleton!
You destroy the goblin skeleton!
The crimson imp hits you.
* * * LOW HITPOINT WARNING * * *
The orc skeleton barely misses you. The crimson imp hits you.
* * * LOW HITPOINT WARNING * * *
You hit the orc skeleton.
The orc skeleton is moderately damaged.
The crimson imp hits you.
You die...

########.###
#...# # #######.#
.#
........######.##
########.........
................
######...#.##..#
#.....##+..#
#....@Z....#
#....5.....#
#....+.._....
#...#........
##..#......##
#..##.#..## #..
#..## #( ...


You could see a crimson imp and an orc skeleton.

Vanquished Creatures
  A dart slug (D:1)
  A goblin (D:1)
  3 hobgoblins
  A quokka (D:4)
  A ball python (D:4)
  4 bats
  A frilled lizard (D:1)
  2 goblin skeletons (D:4)
  3 hobgoblin zombies (D:4)
  4 kobolds
  2 kobold skeletons (D:4)
  2 orc skeletons (D:4)
  A rat (D:1)
26 creatures vanquished.

Notes
Turn   | Place    | Note
-------+----------+-------------------------------------------
     0 | D:1      | toucherabbit the Ogre Gladiator began the quest for the Orb.
     0 | D:1      | Reached XP level 1. HP: 22/22 MP: 1/1
   306 | D:1      | Reached XP level 2. HP: 25/29 MP: 2/2
   903 | D:3      | Noticed Dazliare's ghost (amateur MfTm)
  1444 | D:4      | Found a glowing golden altar of the Shining One.
  1444 | D:4      | Noticed a crimson imp
  1456 | D:4      | Reached XP level 3. HP: 20/37 MP: 3/3
  1463 | D:4      | HP: 1/37 [crimson imp (4)]
  1464 | D:4      | Slain by a crimson imp

Skill      XL: |  1  2 |
---------------+-------+-----
Dodging        | 3 |  3.1
Maces & Flails | 3 |  3.1
Fighting       | 3 |  3.0
Throwing       | |  2.2

Action                   || total
-------------------------++-------
Melee: Flail             ||    84
 Stab: Sleeping          ||     1
  Eat: Chunk             ||     2
Armor: Robe              ||    37
Dodge: Dodged            ||    68
